 Dungeon Crawl Stone Soup version 0.26-a0-682-g294304f6e8 (webtiles) character file.

Game seed: 9633834858839198169

(classic levelgen) 84 EnegeticOcto the Digger (level 4, 0/27 HPs)
             Began as a Halfling Earth Elementalist on Oct 21, 2020.
             Slain by an orc
             ... wielding a +0 spear
              (7 damage)
             ... on level 4 of the Dungeon.
             The game lasted 00:03:42 (494 turns).

EnegeticOcto the Digger (HaEE)                       Turns: 494, Time: 00:03:43

Health: 0/27       AC:  2    Str:  9    XL:     4   Next: 72%
Magic:  4/6        EV: 15    Int: 14    God:
Gold:   106        SH:  0    Dex: 14    Spells: 5/6 levels left

rFire    + . .     SeeInvis +   d - +1 dagger (vamp)
rCold    . . .     Faith    .   (shield restricted)
rNeg     . . .     Spirit   .   c - +0 robe
rPois    .         Reflect  .   (no helmet)
rElec    .         Harm     .   (no cloak)
rCorr    .         Rampage  .   (no gloves)
MR       .....                  (no boots)
Stlth    ++........             (no amulet)
HPRegen  0.09/turn              i - ring of see invisible
MPRegen  0.10/turn              (no ring)

@: no status effects
A: small, fire resistance 1, mutation resistance 1
a: no special abilities


You were on level 4 of the Dungeon.
You visited 1 branch of the dungeon, and saw 4 of its levels.

You collected 106 gold pieces.

Inventory:

Hand Weapons
 d - a +1 vampiric dagger (weapon)
Missiles
 b - 53 stones (quivered)
Armour
 c - a +0 robe (worn)
Jewellery
 i - a ring of see invisible (left hand)
Scrolls
 a - 3 scrolls of remove curse {@r2}
 e - a scroll of immolation
 h - a scroll of enchant weapon {unknown}


   Skills:
 + Level 2.8 Short Blades
 - Level 2.1 Dodging
 + Level 3.1 Stealth
 - Level 1.5 Spellcasting
   Level 0.5 Transmutations
 + Level 3.9 Earth Magic


You had 5 spell levels left.
You knew the following spells:

 Your Spells              Type           Power        Failure   Level
a - Sandblast             Erth           ##....       4%          1

Your spell library contained the following spells:

 Spells                   Type           Power        Failure   Level
 Passwall                 Tmut/Erth      #.......     16%         2
 Stone Arrow              Conj/Erth      #.....       32%         3
 Petrify                  Tmut/Erth      #.......     69%         4
 Lee's Rapid Deconstruct  Erth           ##........   80%         5


Dungeon Overview and Level Annotations

Branches:
Dungeon (4/15)
 Temple: D:4-7

Altars:
Vehumet

Annotations:
D:2 Natasha


Innate Abilities, Weirdness & Mutations

You are small and have problems with some larger weapons.
You are somewhat resistant to further mutation.
Your flesh is heat resistant. (rF+)


Message History

You hit the worker ant but do no damage.
The worker ant is heavily wounded.
The worker ant misses you.
You hit the worker ant but do no damage.
The worker ant is heavily wounded.
The worker ant bites you.
You are lethally poisoned!
The worker ant poisons you!
You hit the worker ant but do no damage.
The worker ant is heavily wounded.
You feel sick. The worker ant closely misses you.
It was a potion of mutation.
You feel extremely strange.
You feel resistant to heat.
* * * LOW HITPOINT WARNING * * *
You feel sick. The worker ant closely misses you.
Really quaff the potion of lignification?
You turn into a tree.
Your +0 robe melds into your body.
Your roots penetrate the ground.
You feel sick.
The worker ant bites you but does no damage.
You feel the dreadful sensation subside.
You are now empty-handed.
The worker ant bites you but does no damage.
You hit the worker ant.
The worker ant is severely wounded.
You feel sick.
The worker ant bites you but does no damage.
You hit the worker ant.
The worker ant is severely wounded.
The worker ant bites you but does no damage.
You smack the worker ant!
You kill the worker ant!
Your Stealth skill increases to level 3!
You feel sick.
You cannot move.
a - a scroll of remove curse (in branch) {@r2} You swing at nothing.
You feel sick.
You swing at nothing.
You swing at nothing.
You feel sick.
You swing at nothing.
You feel sick.
You swing at nothing.
You swing at nothing.
You swing at nothing.
You feel sick.
You swing at nothing.
You swing at nothing.
You feel sick.
You swing at nothing.
You swing at nothing.
You swing at nothing.
You feel sick.
You swing at nothing.
Your transformation is almost over.
You swing at nothing.
You swing at nothing.
You feel sick.
You are no longer poisoned.
You swing at nothing.
You swing at nothing.
You swing at nothing.
You swing at nothing.
You feel less wooden.
Your +0 robe unmelds from your body.
You swing at nothing.
You swing at nothing.
You feel a sense of dread.
d - a +1 vampiric dagger (weapon)
Found 5 gold pieces.
Found 19 arrows.
You now have 106 gold pieces (gained 5).
Found 2 scrolls of remove curse.
A worm comes into view.
You see here 2 scrolls of remove curse {@r2}.
Unknown command.
Unknown command.
a - 3 scrolls of remove curse {@r2} (gained 2)
You open the door.
Found 25 arrows.
There is an open door here.
As you open the door, it creaks loudly!
You hear a shout!
There is an open door here.
Found 10 gold pieces.
Found a stone staircase leading up.
An orc comes into view. It is wielding a +0 spear.
The orc misses you.
You see here 10 gold pieces.
Casting: Sandblast (safe; 4% risk of failure)
Confirm with . or Enter, or press ? or * to list all spells.
Aiming: Sandblast (safe; 4% risk of failure)
Press: ? - help, Shift-Dir - straight line, f - orc
Aim: an orc, wielding a +0 spear and wearing a +0 ring mail The blast of sand hits the orc.
The orc is severely wounded.
b - 54 stones The orc hits you with a +0 spear.
* * * LOW HITPOINT WARNING * * *
Casting: Sandblast (safe; 4% risk of failure)
Confirm with . or Enter, or press ? or * to list all spells.
Aiming: Sandblast (safe; 4% risk of failure)
Press: ? - help, Shift-Dir - straight line, f/p - orc
Aim: an orc, wielding a +0 spear and wearing a +0 ring mail (severely wounded)
The blast of sand hits the orc but does no damage.
The orc is severely wounded.
b - 53 stones The orc hits you with a +0 spear!
You die...

.... .... .... .. .......
.. #.. #...##.. ####+##
#+## .
#..##...##..####.##..##....
#..w.......................
.
#...........o@........<....
. ......##....##.....##...
+## #...########.....#
..######...##....##.....#
.................#####'##
..................'.....#
##..##.....##.....#.....#
##..###############.....#
........... #.....#


You could see an orc.

Vanquished Creatures
  A howler monkey (D:4)
  A worker ant (D:4)
  An adder (D:2)
  A dart slug (D:2)
  An orc (D:4)
  A giant cockroach (D:2)
  A hobgoblin (D:2)
  2 rats
9 creatures vanquished.

Vanquished Creatures (others)
  A rat (D:3)
1 creature vanquished.

Grand Total: 10 creatures vanquished

Notes
Turn   | Place    | Note
-------+----------+-------------------------------------------
     0 | D:1      | EnegeticOcto the Halfling Earth Elementalist began the
                  | quest for the Orb.
     0 | D:1      | Reached XP level 1. HP: 11/11 MP: 3/3
    81 | D:2      | Reached skill level 1 in Short Blades
    81 | D:2      | Reached XP level 2. HP: 16/17 MP: 1/4
   228 | D:2      | Noticed Natasha
   276 | D:3      | Found a radiant altar of Vehumet.
   354 | D:4      | Noticed a howler monkey
   363 | D:4      | Killed a howler monkey
   363 | D:4      | Reached skill level 2 in Short Blades
   363 | D:4      | Reached XP level 3. HP: 7/21 MP: 0/5
   363 | D:4      | Reached XP level 4. HP: 9/27 MP: 0/6
   425 | D:4      | Gained mutation: Your flesh is heat resistant. (rF+)
                  | [potion of mutation]
   430 | D:4      | Reached skill level 3 in Stealth
   494 | D:4      | Slain by an orc

Illustrated notes

Levels and vault maps discovered:
D:1:      onia_arrival_pyramid, layout_basic
D:2:      layout_basic, minmay_misc_feat_x, uniq_jessica, uniq_natasha
D:3:      layout_loops_ring, fiery_altar_vehumet
D:4:      layout_gridville

Skill      XL: |  1  2  3  4 |
---------------+-------------+-----
Short Blades   | 1 2 |  2.8
Stealth        | 3 |  3.1
Dodging        | |  2.1
Spellcasting   | |  1.5
Transmutations | |  0.5
Earth Magic    | |  3.9

Action                   |  1- 3 |  4- 6 || total
-------------------------+-------+-------++-------
Melee: Dagger            |    11 |     5 ||    16
       Unarmed           |       |     3 ||     3
Throw: Stone             |     1 |       ||     1
 Cast: Sandblast         |     9 |     9 ||    18
  Use: Scroll            |     3 |       ||     3
       Potion            |       |     2 ||     2
 Stab: Sleeping          |     1 |       ||     1
Armor: Robe              |     1 |       ||     1
       Skin              |       |     4 ||     4
Dodge: Dodged            |     7 |     9 ||    16

Table legend: (Time is in decaauts)
 A = Elapsed time spent in this place.
 B = Non-inter-level travel time spent in this place.
 C = Inter-level travel time spent in this place.
 D = Time resting spent in this place.
 E = Time spent auto-exploring this place.
 F = Levels seen in this place.
 G = Mean time per level.
                   A        B        C        D        E       F      G
               +--------+--------+--------+--------+--------+-----+--------+
         Total |    500 |    483 |     17 |      0 |      0 |   4 |  125.0 |
       Dungeon |    500 |    483 |     17 |      0 |      0 |   4 |  125.0 |
               +--------+--------+--------+--------+--------+-----+--------+

Top non-repeatable levels by time:
     D:2: 197 daAuts
     D:4: 147 daAuts
     D:3: 109 daAuts
     D:1: 45 daAuts
